 Dungeon Crawl Stone Soup version 0.30-a0-223-gcb0039aa0c (webtiles) character file.

Game seed: 10542176362171471793

88 qw the Chopper (level 4, -1/28 HPs)
             Began as a Gargoyle Fighter on Oct 9, 2022.
             Slain by an orc wizard
             ... wielding a +0 dagger
              (2 damage)
             ... on level 3 of the Dungeon.
             The game lasted 00:00:45 (1667 turns).

qw the Chopper (Gargoyle Fighter)                   Turns: 1667, Time: 00:00:45

Health: -1/28      AC:  6    Str: 22    XL:     4   Next: 53%
Magic:  4/4        EV:  9    Int:  8    God:
Gold:   160        SH:  4    Dex:  9    Spells: 3/3 levels left

rFire   . . .      SeeInvis .    Y - +0 war axe
rCold   . . .      Faith    .    c - +0 buckler
rNeg    + . .      Spirit   .    b - +0 scale mail
rPois   inf        Reflect  .    (no helmet)
rElec   +          Harm     .    (no cloak)
rCorr   .          Rampage  .    (no gloves)
Will    .....                    (no boots)
Stlth   ..........               j - amulet of regeneration
HPRegen 1.04/turn                (no ring)
MPRegen 0.09/turn                (no ring)

@: corroded
A: sickness immunity, AC +3, negative energy resistance 1, electricity
resistance, torment resistance 1, petrification resistance
a: no special abilities


You were on level 3 of the Dungeon.
You visited 1 branch of the dungeon, and saw 3 of its levels.

You collected 160 gold pieces.


Innate Abilities, Weirdness & Mutations

You are immune to sickness and miasma.
Your stone body is resilient. (AC +3)
You are immune to poison.
You resist negative energy. (rN+)
You are resistant to electric shocks. (rElec)
You are resistant to unholy torment.
You are immune to petrification.


   Skills:
 - Level 3.2 Fighting
 + Level 4.2 Axes
 - Level 3.2 Armour
 - Level 3.2 Shields


You had 3 spell levels left.
You didn't know any spells.
Your spell library was empty.

Inventory:

Hand Weapons
 k - a +0 whip
 Y - a +0 war axe (weapon)
Armour
 b - a +0 scale mail (worn)
 c - a +0 buckler (worn)
 f - a +0 chain mail
Jewellery
 j - an amulet of regeneration (around neck)
Scrolls
 a - a scroll of identify
 l - a scroll of enchant armour {unknown}
 m - a scroll of vulnerability {unknown}
Potions
 d - a potion of might
 e - a potion of magic {unknown}
 g - a potion of curing {unknown}
 h - a potion of lignification {unknown}
 i - a potion of haste {unknown}
 n - a potion of flight {unknown}

Dungeon Overview and Level Annotations

Branches:
Dungeon (3/15)

Altars:


Message History

The orc moves out of view.
The orc shouts!
An orc comes into view. It is wielding a +0 whip.
Enter note: The jelly quivers.
Found a scale mail.
The orc wizard hits you but does no damage.
The orc barely misses you.
You slash the orc wizard!
The orc wizard is heavily wounded.
You hit the orc but do no damage.
The orc wizard gestures at you while chanting.
The puff of flame hits you. The orc hits you but does no damage.
The orc wizard hits you with a +0 dagger.
You barely miss the orc wizard.
The orc wizard is heavily wounded.
You barely miss the orc. x4
The orc barely misses you. You block the orc's attack.
The orc hits you but does no damage.
The orc wizard mumbles some strange words.
The orc wizard flickers and vanishes!
Deactivating autopickup; reactivate with Ctrl-A.
The orc hits you but does no damage.
You hit the jelly. The acid corrodes you!
Your hands burn!
The jelly is lightly wounded.
You closely miss the orc. You hit the orc but do no damage. You hit the orc.
You barely miss something. You closely miss the orc.
The orc hits you with a +0 whip. The orc barely misses you.
You block the jelly's attack. Something hits you but does no damage.
The orc barely misses you. The orc hits you with a +0 short sword.
You hit the orc but do no damage.
The orc is severely wounded.
You closely miss something. You barely miss the jelly. You slash the orc!
You kill the orc!
You closely miss the orc. x2
The orc barely misses you. The jelly hits you. The acid corrodes you!
You are splashed with acid!
The orc hits you with a +0 mace! You block something's attack.
The orc barely misses you. The orc hits you with a +0 whip.
You block the orc's attack. Something hits you.
You die...

#....# # #.####
###.# #...#
#######'###
.........#
.........#
......J..+
......)@o#
......oo{......
....$..........
...............
...............
...............
.[.............
.........######


You could see a jelly and 3 orcs.

Vanquished Creatures
  2 adders
  2 worms (D:2)
  An orc (D:3)
  6 bats
  6 endoplasms
  A giant cockroach (D:1)
  7 goblins
  7 hobgoblins
  6 jackals (D:1)
  3 quokkas
  3 ball pythons
  3 frilled lizards
  3 kobolds (D:1)
  8 rats
58 creatures vanquished.

Notes
Turn   | Place    | Note
-------+----------+-------------------------------------------
     0 | D:1      | qw the Gargoyle Fighter began the quest for the Orb.
     0 | D:1      | Reached XP level 1. HP: 14/14 MP: 1/1
     0 | D:1      | 0 ||| qw: Version: 0.2-a-17-g06abaee
     0 | D:1      | 0 ||| qw: Game counter: 2079
     0 | D:1      | 0 ||| qw: Always use a shield: true
     0 | D:1      | 0 ||| qw: God list: Okawaru
     0 | D:1      | 0 ||| qw: Allow faded altars: false
     0 | D:1      | 0 ||| qw: Do Orc after D:15 true
     0 | D:1      | 0 ||| qw: Do second Lair branch before Depths: true
     0 | D:1      | 0 ||| qw: Lair rune preference: random
     0 | D:1      | 0 ||| qw: Plans: Normal, Zot:1-4, God:TSO, Crypt, Tomb,
                  | Pan, Slime:5, Hells, Abyss, Orb
     0 | D:1      | 0 ||| PLANNING D:1-11
    55 | D:1      | 55 ||| Stepping ~*~*~tactically~*~*~ (stealth).
    60 | D:1      | Reached skill level 2 in Axes
   138 | D:1      | Reached XP level 2. HP: 19/19 MP: 2/2
   291 | D:1      | 291 ||| Stepping ~*~*~tactically~*~*~ (stealth).
   310 | D:1      | Reached skill level 3 in Axes
   326 | D:1      | Reached XP level 3. HP: 23/23 MP: 3/3
   562 | D:1      | 562 ||| Stepping ~*~*~tactically~*~*~ (stealth).
   741 | D:1      | 741 ||| READING 2 scrolls labelled SUYTRU XADEEL.
   742 | D:1      | 742 ||| READING scroll labelled QYEDEP XATISM.
   917 | D:2      | 917 ||| DROPPING +0 club.
  1060 | D:2      | Reached XP level 4. HP: 28/28 MP: 4/4
  1411 | D:2      | 1411 ||| UPGRADING to amulet of regeneration.
  1416 | D:2      | 1416 ||| READING scroll labelled QOMOCEUMINU.
  1417 | D:2      | 1417 ||| READING scroll labelled GOGAWA GUFUENU.
  1491 | D:3      | Reached skill level 4 in Axes
  1512 | D:3      | Identified the +4 trident of Plunder {vorpal, *Corrode
                  | Dex+9}
  1667 | D:3      | HP: 5/28 [orc/+0 mace (7)]
  1667 | D:3      | HP: 1/28 [orc/+0 whip (4)]
  1667 | D:3      | Slain by an orc wizard

Levels and vault maps discovered:
D:1:      lightli_arrival_windingriver, layout_rooms,
          chequers_serial_rivers_large_a, kennysheep_flooded_box,
          minmay_surrounded
D:2:      cheibrodos_helix_gallery, layout_basic
D:3:      layout_basic, minmay_box_of_dots

Skill      XL: |  1  2  3  4 |
---------------+-------------+-----
Axes           | 2 3 4 |  4.2
Fighting       | |  3.2
Armour         | |  3.2
Shields        | |  3.2

Action                   |  1- 3 |  4- 6 || total
-------------------------+-------+-------++-------
Melee: War axe           |   108 |    43 ||   151
  Use: Scroll            |     2 |     2 ||     4
Armor: Scale mail        |    63 |    21 ||    84
Dodge: Dodged            |    35 |    22 ||    57
Block: Buckler           |    22 |     9 ||    31

Table legend:
 A = Non-vault XP
 B = Vault XP
 C = Vault XP percentage of total XP
 D = Non-vault monster count
 E = Vault monster count
 F = Vault count percentage of total count
                 A         B        C        D         E       F
            +---------+---------+-------+---------+---------+-------
      Total |     114 |      15 |  11.6 |      49 |       9 |  15.5
            +---------+---------+-------+---------+---------+-------
        D:1 |      50 |       8 |  13.8 |      28 |       5 |  15.2
        D:2 |      35 |       3 |   7.9 |      11 |       2 |  15.4
        D:3 |      29 |       4 |  12.1 |      10 |       2 |  16.7
            +---------+---------+-------+---------+---------+-------
